 Dungeon Crawl Stone Soup version 0.31.0-4-g52a2dc7128 (webtiles) character file.

Game seed: 11121888214201261300

2313 Arcadio the Skirmisher (level 9, -20/62 (63) HPs)
             Began as a Gnoll Hunter on Jan 22, 2024.
             Was a Follower of Hepliaklqana.
             Killed from afar by an acid dragon (30 damage)
             ... with a splash of acid
             ... on level 7 of the Dungeon.
             The game lasted 00:14:57 (6882 turns).

Arcadio the Skirmisher (Gnoll Hunter)               Turns: 6882, Time: 00:14:58

HP:   -20/62 (63)   AC:  4    Str: 10    XL:     9   Next: 41%
MP:   15/15         EV: 17    Int: 12    God:    Hepliaklqana [*.....]
Gold: 325           SH:  0    Dex: 26    Spells: 11/16 levels left

rFire   . . .        a - +1 shortbow
rCold   . . .        (shield currently unavailable)
rNeg    . . .        c - +0 leather armour
rPois   +            t - +2 helmet {Int+3}
rElec   .            (no cloak)
rCorr   .            G - +0 pair of gloves
SInv    .            (no boots)
Will    .....        (no amulet)
Stlth   +++          k - ring of poison resistance
HPRegen 0.30/turn    y - +6 ring of dexterity
MPRegen 0.14/turn

%: no passive effects
@: corroded, studying Shields, lightly drained
A: reduced essence, fangs 1, strong nose, distributed training
a: Renounce Religion, Recall Ancestor, Ancestor Identity


You were on level 7 of the Dungeon.
You worshipped Hepliaklqana.
Hepliaklqana was aware of your devotion.
You visited 2 branches of the dungeon, and saw 9 of its levels.
You also visited: Sewer.

You collected 325 gold pieces.

Inventory:

Hand Weapons
 a - a +1 shortbow (weapon)
 s - a +3 antimagic hand axe
Armour
 c - a +0 leather armour (worn)
 g - a +1 hat
 t - a +2 helmet of intelligence (worn)
 G - a +0 pair of gloves (worn)
 J - the +0 scale mail of the Pits of Slime {rN+++}
   (You found it on level 7 of the Dungeon)

   rN+++:     It renders you almost immune to negative energy.
Jewellery
 k - a ring of poison resistance (left hand)
 m - a ring of willpower
 x - a ring of magical power
 y - a +6 ring of dexterity (right hand)
 z - a ring of protection from fire
 I - a +6 ring of dexterity
Wands
 i - a wand of flame (34)
 o - a wand of mindburst (14)
 u - a wand of polymorph (8)
 B - a wand of paralysis (8)
Scrolls
 b - a scroll of butterflies
 d - 2 scrolls of poison
 f - 3 scrolls of teleportation
 h - 2 scrolls of blinking
 j - 4 scrolls of enchant weapon
 n - a scroll of amnesia {unknown}
 p - 2 scrolls of enchant armour
 r - a scroll of identify
 A - 2 scrolls of immolation {unknown}
 C - a scroll of brand weapon {unknown}
 H - a scroll of fog {unknown}
 K - 2 scrolls of fear {unknown}
Potions
 e - 4 potions of curing
 l - a potion of berserk rage
 q - 2 potions of brilliance
 v - 2 potions of haste
 w - a potion of might {unknown}
 D - a potion of resistance {unknown}
 E - a potion of enlightenment {unknown}
 F - a potion of attraction {unknown}


   Skills:
 + Level 6.4 Fighting
 + Level 4.4 Short Blades
 + Level 4.4 Long Blades
 + Level 4.4 Axes
 + Level 4.4 Maces & Flails
 + Level 4.4 Polearms
 + Level 4.4 Staves
 + Level 9.6 Ranged Weapons
 + Level 4.4 Throwing
 + Level 4.4 Armour
 + Level 6.4 Dodging
 + Level 5.0 Stealth
 + Level 4.5 Shields
 + Level 4.4 Unarmed Combat
 + Level 4.4 Spellcasting
 + Level 3.6 Conjurations
 + Level 3.6 Hexes
 + Level 3.6 Summonings
 + Level 3.6 Necromancy
 + Level 3.6 Translocations
 + Level 3.6 Fire Magic
 + Level 3.6 Ice Magic
 + Level 3.6 Air Magic
 + Level 3.6 Earth Magic
 + Level 3.6 Alchemy
 + Level 4.8 Invocations
 + Level 4.4 Evocations
 + Level 4.0 Shapeshifting


You had 11 spell levels left.
You knew the following spells:

 Your Spells              Type           Power      Damage    Failure   Level
a - Blink                 Tloc           22%        N/A       10%         2
b - Teleport Other        Tloc           11%        N/A       19%         3

Your spell library contained the following spells:

 Spells                   Type           Power      Damage    Failure   Level
 Magic Dart               Conj           44%        1d5       6%          1
 Call Imp                 Summ           22%        N/A       10%         2
 Gell's Gravitas          Tloc           11%        N/A       19%         3
 Summon Ice Beast         Ice/Summ       11%        N/A       19%         3
 Summon Mana Viper        Hex/Summ       11%        N/A       87%         5
 Dispersal                Tloc           5%         N/A       100%        6
 Monstrous Menagerie      Summ           5%         N/A       100%        7


Dungeon Overview and Level Annotations

Branches:
Dungeon (8/15)             Temple (1/1) D:6           Sewer (visited)
   Lair: D:8-11

Altars:
Ashenzari
Cheibriados
Dithmenos
Elyvilon
Gozag
Hepliaklqana
Makhleb
Nemelex Xobeh
Okawaru
Qazlal
Sif Muna
Vehumet
Wu Jian
Xom
Yredelemnul
Zin
The Shining One

Shops:
D:4 *

Annotations:
D:4 exclusion: statue
D:7 exclusion: oklob plant


Innate Abilities, Weirdness & Mutations

Your life essence is reduced to manifest your ancestor. (-10% HP)
You have very sharp teeth.
Your uncanny sense of smell can sniff out nearby items.
Your experience applies equally to all skills.


Message History

The acid dragon is severely wounded.
Fire: a) +1 shortbow
Press: ? - help, Q - select action, (/) - cycle Shift-Dir - straight line, f/p - acid dragon
Aim: an acid dragon (severely wounded, 72% to hit)
You shoot an arrow. The arrow hits the acid dragon.
The acid dragon is almost dead.
Fire: a) +1 shortbow
Press: ? - help, Q - select action, (/) - cycle Shift-Dir - straight line, f/p - acid dragon
Aim: an acid dragon (almost dead, 72% to hit)
You shoot an arrow.
The arrow hits the acid dragon but does no damage.
The acid dragon is almost dead.
The acid dragon spits acid at you. The splash of acid hits you!
The acid corrodes you! The orc hits you but does no damage.
The acid dragon completely misses you. The acid dragon claws you.
You climb upwards.
Level annotation: exclusion: oklob plant
There is a stone staircase leading down here.
You shoot an arrow.
The arrow hits the acid dragon but does no damage.
The acid dragon is almost dead.
The acid dragon completely misses you. The acid dragon closely misses you.
The orc misses you.
You shoot an arrow.
The arrow barely misses the acid dragon.
The acid dragon bites you! The acid dragon completely misses you.
The orc hits you with a +0 club.
* * * LOW HITPOINT WARNING * * *
You shoot an arrow.
The arrow hits the acid dragon but does no damage.
The acid dragon is almost dead.
The acid dragon bites you.
* * * LOW HITPOINT WARNING * * *
The acid dragon misses you. The orc misses you.
You shoot an arrow. The arrow hits the acid dragon.
The acid dragon is almost dead.
The acid dragon spits acid at you. The splash of acid hits you!!
You die...

#####.#.# #.# #.#####.# #.
......#.#####.# #.......# #.
.######.#.....# ######..####. .#
#.#.##############....#.... .#
#.#........(.......#..#.##. .####
#.###....########..#.....#. ....#
#........##................
....#######....##D#.#.#..####..##
...............#@o..#.#..........
....######.#.###......#.#########
....# #......# #...####.###......
....###...#### #..........#......
....+..(..# #....###.#.#......
#...####'#######....#.#.#.#......
##### #.#....##....#...#.#......
#.#.##.##....#.###.#...... ##
#.#.##.##....#.....#.#####


You could see an acid dragon (catching breath) and an orc.

Vanquished Creatures
  A wyvern (D:7)
  A steam dragon (D:7)
  2 water moccasins
  Pargi (Sewer)
  3 black bears
  An ogre (D:5)
  A phantom (D:7)
  A brain worm (Sewer)
  2 scorpions
  A bullfrog (D:7)
  6 killer bees (D:7)
  3 hounds
  2 jellies (D:7)
  A bombardier beetle (D:5)
  3 orc priests
  2 iguanas (D:4)
  4 orc wizards
  Terence (D:2)
  Ijyb (D:4)
  9 adders
  3 gnolls (D:5)
  2 ribbon worms
  3 dart slugs (D:2)
  16 orcs
  12 endoplasms
  7 giant cockroaches
  6 goblins
  3 hobgoblins
  3 jackals (D:2)
  4 quokkas
  11 ball pythons
  12 bats
  2 frilled lizards
  5 kobolds
  3 rats
138 creatures vanquished.

Vanquished Creatures (collateral kills)
  A bullfrog (D:7)
  2 jellies (D:7)
  3 endoplasms (D:7)
6 creatures vanquished.

Vanquished Creatures (others)
  An ancestor (D:8)
1 creature vanquished.

Grand Total: 145 creatures vanquished

Notes
Turn   | Place    | Note
-------+----------+-------------------------------------------
     0 | D:1      | Arcadio the Gnoll Hunter began the quest for the Orb.
     0 | D:1      | Reached XP level 1. HP: 20/20 MP: 1/1
   195 | D:1      | Reached XP level 2. HP: 26/26 MP: 2/2
   723 | D:2      | Noticed Terence
   735 | D:2      | Killed Terence
   736 | D:2      | Reached skill level 1 in Invocations
   736 | D:2      | Reached XP level 3. HP: 27/31 MP: 2/4
   737 | D:2      | Reached skill level 1 in Short Blades
   737 | D:2      | Reached skill level 1 in Long Blades
   737 | D:2      | Reached skill level 1 in Axes
   737 | D:2      | Reached skill level 1 in Maces & Flails
   737 | D:2      | Reached skill level 1 in Polearms
   737 | D:2      | Reached skill level 1 in Staves
   737 | D:2      | Reached skill level 1 in Throwing
   737 | D:2      | Reached skill level 1 in Armour
   737 | D:2      | Reached skill level 1 in Shields
   737 | D:2      | Reached skill level 1 in Unarmed Combat
   737 | D:2      | Reached skill level 1 in Spellcasting
   737 | D:2      | Reached skill level 1 in Evocations
   799 | D:2      | Reached skill level 1 in Shapeshifting
   799 | D:2      | Reached XP level 4. HP: 38/38 MP: 5/5
  1337 | D:3      | Reached skill level 1 in Conjurations
  1337 | D:3      | Reached skill level 1 in Hexes
  1337 | D:3      | Reached skill level 1 in Summonings
  1337 | D:3      | Reached skill level 1 in Necromancy
  1337 | D:3      | Reached skill level 1 in Translocations
  1337 | D:3      | Reached skill level 1 in Fire Magic
  1337 | D:3      | Reached skill level 1 in Ice Magic
  1337 | D:3      | Reached skill level 1 in Air Magic
  1337 | D:3      | Reached skill level 1 in Earth Magic
  1337 | D:3      | Reached skill level 1 in Alchemy
  1347 | D:3      | Found a glowing drain.
  1405 | Sewer    | Entered a sewer
  1432 | Sewer    | Noticed a brain worm
  1434 | Sewer    | Reached XP level 5. HP: 43/43 MP: 7/7
  1444 | Sewer    | Noticed Pargi
  1463 | Sewer    | Killed Pargi
  1464 | Sewer    | Reached skill level 5 in Fighting
  1464 | Sewer    | Reached skill level 5 in Dodging
  1464 | Sewer    | Reached XP level 6. HP: 13/51 MP: 7/9
  1774 | D:2      | HP: 1/51 [orc wizard/puff of flame (4)]
  2906 | D:4      | Reached XP level 7. HP: 24/56 MP: 10/10
  3147 | D:4      | Noticed Ijyb
  3155 | D:4      | Killed Ijyb
  3587 | D:4      | Reached skill level 9 in Ranged Weapons
  3671 | D:4      | Found Tacrebb's Neck Hole.
  3724 | D:4      | Found a radiant altar of Vehumet.
  3913 | D:5      | Entered Level 5 of the Dungeon
  3976 | D:5      | Learned a level 2 spell: Blink
  3980 | D:5      | Learned a level 3 spell: Teleport Other
  4491 | D:5      | Found a broken altar of Ashenzari.
  4570 | D:5      | Reached XP level 8. HP: 59/63 MP: 12/12
  4899 | D:6      | Found a staircase to the Ecumenical Temple.
  4910 | Temple   | Entered the Ecumenical Temple
  4917 | Temple   | Became a worshipper of Hepliaklqana the Forgotten
  5362 | D:6      | Noticed a two-headed ogre
  5363 | D:6      | Noticed a troll
  5395 | D:7      | Noticed a wyvern
  5401 | D:7      | Killed a wyvern
  5745 | D:7      | Reached XP level 9. HP: 51/69 MP: 14/14
  6142 | D:7      | Reached * piety under Hepliaklqana
  6374 | D:7      | Identified the +0 scale mail of the Pits of Slime {rN+++}
  6689 | D:7      | Reached skill level 5 in Stealth
  6768 | D:7      | Noticed an oklob plant
  6882 | D:7      | Killed from afar by an acid dragon

Illustrated notes

Levels and vault maps discovered:
D:1:      lemuel_arrival_rhombus, layout_basic, serial_bayou_lagoon_b
D:2:      layout_basic, uniq_terence
D:3:      layout_loops_ring, gup_sewer_entry_glass, corexii_corridor_pit
D:4:      layout_loops_cross, vehumet_statue, nicolae_shop_sticking_my_neck_out,
          uniq_ijyb
D:5:      layout_basic, mainiacjoe_overflow_boulevard
D:6:      layout_loops_ring, kennysheep_mini_moat, lemuel_round_altar,
          minmay_temple_entry_glass, minmay_manual_monstrance
D:7:      lemuel_slime, layout_basic
D:8:      lemuel_ratsnest, layout_gridville,
          mainiacjoe_overflow_large_starburst, enter_bailey_5, uniq_grum,
          uniq_erica
Temple:   eino_wide_crystal_templ

Skill      XL: |  1  2  3  4  5  6  7  8  9 |
---------------+----------------------------+-----
Invocations    | 1 2 3 4 |  4.8
Short Blades   | 1 2 3 4 |  4.4
Long Blades    | 1 2 3 4 |  4.4
Axes           | 1 2 3 4 |  4.4
Maces & Flails | 1 2 3 4 |  4.4
Polearms       | 1 2 3 4 |  4.4
Staves         | 1 2 3 4 |  4.4
Throwing       | 1 2 3 4 |  4.4
Armour         | 1 2 3 4 |  4.4
Shields        | 1 2 3 4 |  4.5
Unarmed Combat | 1 2 3 4 |  4.4
Spellcasting   | 1 2 3 4 |  4.4
Evocations     | 1 2 3 4 |  4.4
Shapeshifting  | 1 2 3 4 |  4.0
Conjurations   | 1 2 3 |  3.6
Hexes          | 1 2 3 |  3.6
Summonings     | 1 2 3 |  3.6
Necromancy     | 1 2 3 |  3.6
Translocations | 1 2 3 |  3.6
Fire Magic     | 1 2 3 |  3.6
Ice Magic      | 1 2 3 |  3.6
Air Magic      | 1 2 3 |  3.6
Earth Magic    | 1 2 3 |  3.6
Alchemy        | 1 2 3 |  3.6
Fighting       | 5 6 |  6.4
Dodging        | 5 6 |  6.4
Stealth        | 3 4 5 |  5.0
Ranged Weapons | 9 |  9.6

Action                     |  1- 3 |  4- 6 |  7- 9 || total
---------------------------+-------+-------+-------++-------
  Melee: Shortbow          |       |     1 |       ||     1
   Fire: Shortbow          |    53 |   183 |   294 ||   530
 Invoke: Recall Ancestor   |       |       |     2 ||     2
         Ancestor Identity |       |       |     1 ||     1
    Use: Scroll            |     2 |     1 |     5 ||     8
 Armour: Leather armour    |     9 |   117 |   117 ||   243
  Dodge: Dodged            |    25 |   154 |   133 ||   312
